 Dungeon Crawl Stone Soup version 0.29.0-4-gdea44cf6ec (webtiles) character file.

Game seed: 3480401120855754640

62 qw the Chopper (level 4, -1/26 HPs)
             Began as a Tengu Warper on Aug 28, 2022.
             Splashed by a jelly's acid (5 damage)
             ... on level 4 of the Dungeon.
             The game lasted 00:00:15 (3065 turns).

qw the Chopper (Tengu Warper)                       Turns: 3065, Time: 00:00:16

Health: -1/26      AC:  0    Str: 13    XL:     4   Next: 8%
Magic:  8/8        EV:  9    Int: 14    God:
Gold:   144        SH:  0    Dex: 13    Spells: 7/7 levels left

rFire   . . .      SeeInvis .   Y - +0 hand axe
rCold   . . .      Faith    .   (no shield)
rNeg    . . .      Spirit   .   c - +0 scale mail
rPois   .          Reflect  .   (helmet restricted)
rElec   .          Harm     .   (no cloak)
rCorr   .          Rampage  .   i - +0 pair of gloves
Will    .....                   (boots unavailable)
Stlth   ..........              (no amulet)
HPRegen 0.08/turn               (no ring)
MPRegen 0.11/turn               (no ring)

@: corroded
A: beak, talons 3
a: no special abilities


You were on level 4 of the Dungeon.
You visited 1 branch of the dungeon, and saw 4 of its levels.

You collected 144 gold pieces.


Innate Abilities, Weirdness & Mutations

You have a beak for a mouth.
You have claws for feet.


   Skills:
 - Level 2.0 Fighting
 + Level 4.7 Axes
 - Level 1.0 Throwing
 - Level 1.1 Armour
 - Level 2.1 Dodging
 - Level 2.0 Spellcasting
 - Level 2.4 Translocations


You had 7 spell levels left.
You didn't know any spells.
Your spell library contained the following spells:

 Spells                   Type           Power      Damage    Failure   Level
 Blink                    Tloc           16%        N/A       54%         2
 Gell's Gravitas          Tloc           8%         N/A       78%         3
 Lesser Beckoning         Tloc           8%         N/A       78%         3
 Teleport Other           Tloc           8%         N/A       78%         3
 Manifold Assault         Tloc           8%         N/A       100%        5

Inventory:

Hand Weapons
 b - a +0 mace
 Y - a +0 hand axe (weapon)
Armour
 c - a +0 scale mail (worn)
 i - a +0 pair of gloves (worn)
Scrolls
 a - a scroll of identify
Potions
 d - a potion of mutation {unknown}
 f - a potion of cancellation
 g - a potion of haste {unknown}
 h - 2 potions of curing

Dungeon Overview and Level Annotations

Branches:
Dungeon (4/15)
 Temple: D:4-7

Altars:


Message History

You open the door.
There is an open door here.
A kobold comes into view. It is wielding a +0 club.
The kobold shouts!
Enter note: You hit the kobold.
You claw the kobold.
You kill the kobold!
2972 ||| DROPPING +0 club.
You drop a +0 club.
The gnoll shouts!
The gnoll shouts!
h - 2 potions of curing (gained 1)
The gnoll bouda shouts!
You hear a shout!
Found a club.
Enter note:
Enter note:
Found a stone staircase leading up.
Enter note:
Found a book of Vapours.
Enter note: You now have 138 gold pieces (gained 14).
You see here a +3 dagger.
Found 3 stones.
d - a dark potion
Enter note: You now have 144 gold pieces (gained 6).
A jelly comes into view.
The jelly quivers.
You slash the jelly! The acid corrodes you!
Your hands burn!
You claw the jelly, but do no damage.
The jelly is heavily wounded.
The jelly hits you.
You are splashed with acid.
You hit the jelly.
Your hands burn!
You claw the jelly, but do no damage.
The jelly is severely wounded.
The jelly hits you but does no damage.
You hit the jelly.
Your hands burn!
You claw the jelly, but do no damage. You peck the jelly, but do no damage.
The jelly is almost dead.
The jelly hits you. The acid corrodes you!
You are splashed with acid.
You hit the jelly but do no damage.
Your hands burn!
You die...

## ..# ### #.. ..#
#.. #.# #..
#.###### #..
##.......
#.###.J###....#
.......@....#.#
#.#######...#.###..
##...........
#...:...###..
#............
#.......####.
##.....## ##...##
##.#.##


You could see a jelly.

Vanquished Creatures
  A worm (D:2)
  An orc (D:4)
  9 ball pythons
  3 endoplasms
  12 giant cockroaches
  2 goblins
  3 hobgoblins
  2 jackals (D:2)
  A quokka (D:2)
  3 bats
  6 frilled lizards
  5 kobolds
  5 rats
53 creatures vanquished.

Notes
Turn   | Place    | Note
-------+----------+-------------------------------------------
     0 | D:1      | qw the Tengu Warper began the quest for the Orb.
     0 | D:1      | Reached XP level 1. HP: 12/12 MP: 4/4
     0 | D:1      | 0 ||| qw: Version: 0.1-a-89-g26bdef1
     0 | D:1      | 0 ||| qw: Game counter: 776
     0 | D:1      | 0 ||| qw: Always use a shield: true
     0 | D:1      | 0 ||| qw: God list: Okawaru
     0 | D:1      | 0 ||| qw: Allow faded altars: false
     0 | D:1      | 0 ||| qw: Do Orc after D:15 true
     0 | D:1      | 0 ||| qw: Do second Lair branch before Depths: true
     0 | D:1      | 0 ||| qw: Lair rune preference: random
     0 | D:1      | 0 ||| qw: Plans: Normal
     0 | D:1      | 0 ||| PLANNING D:1-11
   232 | D:1      | Reached XP level 2. HP: 16/17 MP: 6/6
   298 | D:1      | Reached skill level 3 in Axes
   501 | D:1      | Noticed a shining eye
   503 | D:1      | Found a faded altar of an unknown god.
   505 | D:1      | Noticed a shining eye
   505 | D:1      | Noticed a golden eye
   505 | D:1      | Noticed an eye of devastation
   982 | D:1      | 982 ||| READING scroll labelled WAEMNO BENN.
   983 | D:1      | 983 ||| READING scroll labelled ATOXYM ZECK.
   984 | D:1      | 984 ||| DRINKING 2 white potions.
   985 | D:1      | 985 ||| DROPPING scroll of blinking.
   986 | D:1      | 986 ||| DROPPING potion of attraction.
  1125 | D:2      | Reached XP level 3. HP: 19/21 MP: 7/7
  1142 | D:2      | 1142 ||| Stepping ~*~*~tactically~*~*~ (stealth).
  1153 | D:2      | 1153 ||| Stepping ~*~*~tactically~*~*~ (stealth).
  1176 | D:2      | 1176 ||| FLEEEEING.
  1237 | D:2      | Reached skill level 4 in Axes
  1898 | D:2      | 1898 ||| UPGRADING to +0 scale mail.
  1908 | D:2      | 1908 ||| DROPPING +0 leather armour.
  1909 | D:2      | 1909 ||| DRINKING 2 brown potions.
  1910 | D:2      | 1910 ||| READING 2 scrolls of identify.
  1910 | D:2      | 1910 ||| IDENTIFYING metallic pink potion
  2603 | D:3      | Reached XP level 4. HP: 26/26 MP: 8/8
  2840 | D:3      | 2840 ||| UPGRADING to +0 pair of gloves.
  2845 | D:3      | 2845 ||| READING 3 scrolls of identify.
  2845 | D:3      | 2845 ||| IDENTIFYING blue potion
  2846 | D:3      | 2846 ||| READING 2 scrolls of identify.
  2846 | D:3      | 2846 ||| IDENTIFYING clear potion
  2847 | D:3      | 2847 ||| DROPPING potion of ambrosia.
  2848 | D:3      | 2848 ||| DROPPING potion of brilliance.
  2882 | D:4      | 2882 ||| STAIRDANCE
  2892 | D:4      | 2892 ||| STAIRDANCE
  2972 | D:4      | 2972 ||| DROPPING +0 club.
  3064 | D:4      | HP: 4/26 [acid (6)]
  3065 | D:4      | Splashed by a jelly's acid

Levels and vault maps discovered:
D:1:      amcnicky_arrival_double_pillar, layout_loops_ring,
          hellmonk_ecumenical_altar_watching_god
D:2:      layout_basic
D:3:      minmay_roachtagon, layout_loops_corners
D:4:      layout_loops_corners, gammafunk_ghost_gnarly_gnolls

Skill      XL: |  1  2  3 |
---------------+----------+-----
Axes           | 3 4 |  4.7
Fighting       | |  2.0
Throwing       | |  1.0
Armour         | |  1.1
Dodging        | |  2.1
Spellcasting   | |  2.0
Translocations | |  2.4

Action                   |  1- 3 |  4- 6 || total
-------------------------+-------+-------++-------
Melee: Hand axe          |   109 |    11 ||   120
       Kick              |    23 |     5 ||    28
       Peck              |    15 |     1 ||    16
       Punch             |     1 |       ||     1
Throw: Boomerang         |     7 |       ||     7
  Use: Scroll            |     3 |     2 ||     5
       Potion            |     2 |       ||     2
Armor: Leather armour    |     8 |       ||     8
       Scale mail        |    18 |     2 ||    20
Dodge: Dodged            |    54 |     3 ||    57

Table legend:
 A = Non-vault XP
 B = Vault XP
 C = Vault XP percentage of total XP
 D = Non-vault monster count
 E = Vault monster count
 F = Vault count percentage of total count
                 A         B        C        D         E       F
            +---------+---------+-------+---------+---------+-------
      Total |      73 |      16 |  18.0 |      45 |       8 |  15.1
            +---------+---------+-------+---------+---------+-------
        D:1 |      29 |       0 |   0.0 |      19 |       0 |   0.0
        D:2 |      31 |       0 |   0.0 |      19 |       0 |   0.0
        D:3 |       8 |      16 |  66.7 |       5 |       8 |  61.5
        D:4 |       5 |       0 |   0.0 |       2 |       0 |   0.0
            +---------+---------+-------+---------+---------+-------
